 Dungeon Crawl Stone Soup version 0.27.0-1-g7a089689b8 (webtiles) character file.

Game seed: 369978238290422057

28084 Malachi the Frost Mage (level 13, -9/76 HPs)
             Began as a Demonspawn Ice Elementalist on Aug 15, 2021.
             Was an Elder of Hepliaklqana.
             Mangled by Agnes (24 damage)
             ... on level 14 of the Dungeon.
             The game lasted 00:52:04 (20033 turns).

Malachi the Frost Mage (DsIE)                      Turns: 20033, Time: 00:52:06

Health: -9/76      AC:  5    Str: 11    XL:     13   Next: 7%
Magic:  0/27       EV: 23    Int: 22    God:    Hepliaklqana [****..]
Gold:   711        SH:  0    Dex: 15    Spells: 14/32 levels left

rFire    . . .     SeeInvis +   k - +5 scimitar
rCold    + + .     Faith    .   (no shield)
rNeg     . . .     Spirit   .   K - +0 leather armour of the Sun {rPois rC+ Regen+}
rPois    +         Reflect  .   (helmet unavailable)
rElec    .         Harm     .   E - +2 cloak {Stlth+}
rCorr    .         Rampage  .   (no gloves)
Will     .....                  x - +0 pair of boots {Stlth+}
Stlth    +++++.....             l - amulet of regeneration
HPRegen  3.22/turn              C - ring of the Hare {EV+8}
MPRegen  0.20/turn              d - ring of Itazxu Feti {Wiz rC+}

@: freezing walls
A: reduced essence, antennae 3, repulsion field 1, demonic guardian 1, ignite
blood 2, clever 1, deformed body, regeneration 1, strong 1, wild magic 1
a: Renounce Religion, Recall Ancestor, Ancestor Identity, Transference, Idealise


You were on level 14 of the Dungeon.
You worshipped Hepliaklqana.
Hepliaklqana was greatly pleased with you.
You visited 2 branches of the dungeon, and saw 15 of its levels.
You also visited: Sewer and Bailey.

You collected 2509 gold pieces.
You spent 1798 gold pieces at shops.

Inventory:

Hand Weapons
 e - a +0 dagger of venom
 k - a +5 scimitar (weapon)
Missiles
 b - 26 boomerangs (quivered)
 w - 2 throwing nets
Armour
 a - the +8 plate armour "Joemig" {rElec}
   (You found it on level 7 of the Dungeon)

   rElec:     It insulates you from electricity.
 i - a +1 robe of cold resistance
 x - a +0 pair of boots of stealth (worn)
 E - a +2 cloak of stealth (worn)
 K - the +0 leather armour of the Sun (worn) {rPois rC+ Regen+}
   (You bought it in a shop on level 13 of the Dungeon)

   rC:        It protects you from cold.
   rPois:     It protects you from poison.
   Regen:     It increases your rate of health regeneration.
Jewellery
 d - the ring of Itazxu Feti (right hand) {Wiz rC+}
   (You found it on level 12 of the Dungeon)

   [ring of wizardry]

   It improves your spell success rate.
   rC:        It protects you from cold.
 g - the ring "Hoinec" {rPois rN+ Slay+5}
   (You found it on level 6 of the Dungeon)

   [ring of poison resistance]

   Slay:      It affects your accuracy & damage with ranged weapons and melee
   (+5).
   rPois:     It protects you from poison.
   rN:        It protects you from negative energy.
 h - a ring of fire
 l - an amulet of regeneration (around neck)
 q - a +4 ring of protection
 y - a ring of fire
 A - a +4 ring of protection
 C - the ring of the Hare (left hand) {EV+8}
   (You bought it in a shop on level 3 of the Dungeon)

   [ring of evasion]

   EV:        It affects your evasion (+8).
 I - a ring of protection from fire
 M - a ring of protection from fire
 N - a ring of fire
Wands
 j - a wand of digging (8)
 o - a wand of mindburst (39)
 u - a wand of iceblast (23)
 v - a wand of flame (20)
 H - a wand of polymorph (4)
 J - a wand of acid (8)
Scrolls
 m - 2 scrolls of teleportation
 t - a scroll of silence
 z - 7 scrolls of identify
 B - 3 scrolls of immolation
Potions
 c - 5 potions of haste
 f - 7 potions of curing
 n - 2 potions of brilliance
 p - a potion of invisibility
 r - a potion of might
 s - a potion of flight
 F - 2 potions of lignification
 G - 2 potions of cancellation
 L - a potion of heal wounds
Miscellaneous
 D - a phial of floods


   Skills:
 * Level 2.3 Fighting
 - Level 0.5 Long Blades
 - Level 0.7 Maces & Flails
 - Level 0.1 Throwing
 + Level 1.3 Armour
 * Level 4.2 Dodging
 + Level 7.0 Stealth
 - Level 10.0 Spellcasting
 + Level 14.3 Ice Magic
 - Level 8.1 Poison Magic
 - Level 1.3 Evocations


You had 14 spell levels left.
You knew the following spells:

 Your Spells              Type           Power      Damage    Failure   Level
a - Freeze                Ice            100%       1d11      1%          1
b - Frozen Ramparts       Ice            100%       1d12      1%          3
c - Ozocubu's Armour      Ice            77%        N/A       1%          3
d - Ozocubu's Refrigerat  Ice            38%        4d12      11%         7
e - Olgreb's Toxic Radia  Pois           57%        N/A       1%          4

Your spell library contained the following spells:

 Spells                   Type           Power      Damage    Failure   Level
 Spider Form              Tmut/Pois      18%        N/A       2%          3
 Hailstorm                Conj/Ice       53%        3d12      2%          4
 Beastly Appendage        Tmut           28%        N/A       4%          1
 Slow                     Hex            14%        N/A       7%          2
 Wereblood                Tmut           14%        N/A       7%          2
 Confusing Touch          Hex            14%        N/A       13%         3
 Cause Fear               Hex            7%         N/A       36%         4
 Summon Forest            Summ/Tloc      7%         N/A       67%         5
 Summon Mana Viper        Hex/Summ       14%        N/A       67%         5
 Yara's Violent Unravell  Hex/Tmut       7%         3d5       67%         5
 Shadow Creatures         Summ           N/A        N/A       99%         6
 Dragon Form              Tmut           7%         N/A       100%        7
 Ignition                 Fire           7%         3d4       100%        8
 Dragon's Call            Summ           7%         N/A       100%        9


Dungeon Overview and Level Annotations

Branches:
Dungeon (14/15)            Temple (1/1) D:4            Lair (0/6) D:11
    Orc (0/2) D:12          Sewer (visited)          Bailey (visited)
 Vaults: D:13-14

Altars:
Ashenzari
Cheibriados
Dithmenos
Elyvilon
Fedhas
Gozag
Hepliaklqana
Kikubaaqudgha
Makhleb
Nemelex Xobeh
Okawaru
Qazlal
Ru
Sif Muna
Trog
Uskayaw
Vehumet
Wu Jian
Xom
Yredelemnul
Zin
The Shining One
Beogh

Shops:
D:3 =   D:8 (   D:9 !   D:13 *

Annotations:
D:14 Agnes


Innate Abilities, Weirdness & Mutations

Your life essence is reduced to manifest your ancestor. (-10% HP)
You have a pair of large antennae on your head. (SInv)
You are surrounded by a mild repulsion field. (EV +2)
A weak demonic guardian rushes to your aid.
Your demonic aura often causes spilled blood to erupt in flames.
Your mind is acute. (Int +2)
Armour fits poorly on your strangely shaped body.
Your natural rate of healing is unusually fast.
Your muscles are strong. (Str +2)
Your spells are a little harder to cast, but a little more powerful.


Message History

Press: ? - help, Dir - look around, f - activate The walls around you are covered in ice.
Agnes is engulfed in blazing flames.
The wall freezes Agnes.
Agnes hits you with a +2 antimagic lajatang!!
You feel your power leaking away.
Agnes is engulfed in blazing flames.
The wall freezes Agnes.
Agnes hits you with a +2 antimagic lajatang!
You feel your power leaking away.
Press: ? - help, v - describe, . - travel
Here: Agnes, wielding a +2 antimagic lajatang and wearing a +0 robe (flame, moderately wounded, ally target)
The floor, spattered with blood.
Okay, then.
You feel much better.
Agnes is engulfed in blazing flames.
The wall freezes Agnes.
Agnes hits you with a +2 antimagic lajatang!!
You feel your power leaking away.
Okay, then.
Casting: Frozen Ramparts (safe; 1% risk of failure)
Confirm with . or Enter, or press ? or * to list all spells.
Okay, then.
Casting: Frozen Ramparts (safe; 1% risk of failure)
Confirm with . or Enter, or press ? or * to list all spells.
Okay, then.
Aiming: Mindburst
Press: ? - help, Shift-Dir - straight line, f - Agnes
Aim: Agnes, wielding a +2 antimagic lajatang and wearing a +0 robe (flame, heavily wounded, ally target, chance to affect: 10%)
Okay, then.
Aiming: Corrosive Bolt
Press: ? - help, Shift-Dir - straight line, f - Agnes
Aim: Agnes, wielding a +2 antimagic lajatang and wearing a +0 robe (flame, heavily wounded, ally target, 38% to hit)
The bolt of acid hits Agnes!
Agnes is splashed with acid.
The acid corrodes Agnes!
Agnes is heavily wounded.
Agnes is engulfed in blazing flames.
The wall freezes Agnes.
Agnes hits you with a +2 antimagic lajatang!
* * * LOW HITPOINT WARNING * * *
A demonic guardian appears!
Agnes is engulfed in blazing flames.
The wall freezes Agnes!
Agnes hits you with a +2 antimagic lajatang!!
You die...

#################################
..................>...[..........
#.......#..###...................
#.......................##.......
#.......................##.......
......................)..........
####'#######'#######.....###....#
..##..#.......5.☼○.#.....# #.##.#
R.##.##.########@R.#.#...# +....#
#'##.# {{ #i☼.#..)..# ######
...#### { #####.....# ......# {
{{ .......# ....#.# #........#
....#.# #..#...#<# ......#
..........# ####### ############
####


You could see the friendly Sinerio the hexer, Agnes (corroded, ally target) and
a friendly white imp (summoned, wandering).

Vanquished Creatures
  3 hydras
  A death knight (D:13)
  A catoblepas (D:10)
  5 two-headed ogres
  A wizard (D:14)
  A deep elf pyromancer (D:13)
  2 orc knights
  2 ugly things
  2 cyclopes
  2 manticores
  An elephant (D:11)
  2 gargoyles
  An unseen horror (D:11)
  2 kobold demonologists
  A yaktaur (D:13)
  2 komodo dragons
  A troll (D:10)
  4 slime creatures (D:14)
  A meliai zombie (D:10)
  15 yaks
  3 wraiths
  The ghost of MacCMillion the Chopper, an amateur HOFi of Kikubaaqudgha (D:6)
  A steam dragon (D:9)
  2 basilisks
  2 vampire mosquitoes (D:13)
  3 water moccasins
  11 orc warriors
  3 ice beasts
  A sky beast (D:5)
  2 black bears
  2 necrophages
  5 boggarts (D:12)
  4 ogres
  5 centaurs (D:12)
  5 kobold brigands
  3 bullfrogs
  5 scorpions
  2 wyvern zombies
  A gnoll sergeant (D:5)
  5 killer bees (D:8)
  6 howler monkeys
  7 wights
  A hexer (D:14)
  A bullfrog zombie (D:5)
  3 jellies (D:5)
  2 centaur zombies
  6 orc priests
  A bullfrog skeleton (D:4)
  3 gnoll shamans
  6 iguanas
  7 orc wizards
  4 howler monkey zombies
  16 gnolls
  A howler monkey skeleton (D:6)
  14 adders
  3 river rats (Sewer)
  2 shadow imps
  4 ufetubi
  An adder zombie (D:5)
  2 worms
  2 dart slugs
  46 orcs
  4 bats
  3 endoplasms
  3 giant cockroaches
  8 goblins
  12 hobgoblins
  A jackal (D:5)
  A quokka (D:4)
  11 ball pythons
  2 frilled lizards
  21 kobolds
  26 rats
346 creatures vanquished.

Vanquished Creatures (collateral kills)
  2 hydras
  An ugly thing (D:13)
  Maurice (D:9)
  2 yaktaurs (D:13)
  A kobold demonologist (D:9)
  A slime creature (D:14)
  3 yaks (D:12)
  A wraith (D:14)
  2 centaurs
  2 water moccasin zombies (D:6)
  A wight (D:6)
  2 centaur zombies
  An iguana (D:7)
  A scorpion zombie (D:5)
  5 orcs
  A kobold (Sewer)
  A ball python (D:5)
28 creatures vanquished.

Vanquished Creatures (others)
  5 ancestors
  8 hexers
  A fungus (D:11)
  8 plants (D:3)
22 creatures vanquished.

Grand Total: 396 creatures vanquished

Notes
Turn   | Place    | Note
-------+----------+-------------------------------------------
     0 | D:1      | Malachi the Demonspawn Ice Elementalist began the quest for
                  | the Orb.
     0 | D:1      | Reached XP level 1. HP: 13/13 MP: 3/3
   176 | D:1      | Reached skill level 4 in Ice Magic
   176 | D:1      | Gained mutation: You are surrounded by a mild repulsion
                  | field. (EV +2) [demonic ancestry]
   176 | D:1      | Reached XP level 2. HP: 19/19 MP: 1/5
   867 | D:2      | Found an ornate altar of the Wu Jian Council.
   939 | D:2      | Reached XP level 3. HP: 24/24 MP: 3/6
  1001 | D:2      | Learned a level 3 spell: Frozen Ramparts
  1987 | D:3      | Reached XP level 4. HP: 30/30 MP: 5/8
  2171 | D:3      | Found Maninal's Jewellery Emporium.
  2726 | D:4      | Reached skill level 5 in Ice Magic
  2726 | D:4      | Gained mutation: A weak demonic guardian rushes to your
                  | aid. [demonic ancestry]
  2726 | D:4      | Reached XP level 5. HP: 35/35 MP: 8/10
  2913 | D:4      | Noticed an ogre
  2914 | D:4      | Found a staircase to the Ecumenical Temple.
  2941 | D:4      | Killed an ogre
  3718 | D:5      | Entered Level 5 of the Dungeon
  3737 | D:4      | Reached XP level 6. HP: 17/42 MP: 12/12
  4045 | D:5      | Found a glowing drain.
  4056 | Sewer    | Entered a sewer
  4375 | Sewer    | HP: 1/42 [kobold brigand (6)]
  5112 | Sewer    | Reached skill level 5 in Spellcasting
  5112 | Sewer    | Reached skill level 6 in Ice Magic
  5112 | Sewer    | Gained mutation: You have a pair of small antennae on your
                  | head. [demonic ancestry]
  5112 | Sewer    | Reached XP level 7. HP: 16/47 MP: 8/14
  5834 | D:5      | Reached skill level 1 in Fighting
  7153 | D:5      | Reached skill level 7 in Ice Magic
  7153 | D:5      | Gained mutation: You have a pair of antennae on your head.
                  | [demonic ancestry]
  7153 | D:5      | Reached XP level 8. HP: 39/54 MP: 10/17
  7582 | D:5      | Learned a level 3 spell: Ozocubu's Armour
  7590 | D:5      | Learned a level 7 spell: Ozocubu's Refrigeration
  8298 | D:5      | Reached skill level 8 in Ice Magic
  8978 | Temple   | Entered the Ecumenical Temple
  9135 | Temple   | Became a worshipper of Hepliaklqana the Forgotten
  9294 | D:6      | Gained mutation: You have a pair of large antennae on your
                  | head. (SInv) [demonic ancestry]
  9294 | D:6      | Reached XP level 9. HP: 37/59 MP: 17/20
  9442 | D:6      | Found a runed translucent door.
  9446 | D:6      | Noticed MacCMillion's ghost (amateur HOFi)
  9448 | D:6      | Noticed a two-headed ogre
 11140 | D:6      | Killed a two-headed ogre
 11141 | D:6      | Reached skill level 9 in Ice Magic
 11141 | D:6      | Reached skill level 1 in Evocations
 11142 | D:6      | Killed MacCMillion's ghost
 11158 | D:6      | Identified the ring "Hoinec" {rPois rN+ Slay+5}
 11355 | D:6      | Gained mutation: Your muscles are strong. (Str +2) [potion
                  | of mutation]
 11355 | D:6      | Gained mutation: You tend to lose your temper in combat.
                  | [potion of mutation]
 11355 | D:6      | Gained mutation: Your flesh is cold resistant. (rC+)
                  | [potion of mutation]
 11355 | D:6      | Gained mutation: You have sharp toenails. [potion of
                  | mutation]
 11356 | D:6      | Lost mutation: You tend to lose your temper in combat.
                  | [potion of mutation]
 11356 | D:6      | Lost mutation: Your muscles are strong. (Str +2) [potion of
                  | mutation]
 11356 | D:6      | Lost mutation: Your flesh is cold resistant. (rC+) [potion
                  | of mutation]
 11356 | D:6      | Gained mutation: You expend magic power (3 MP) to
                  | strengthen your wands. [potion of mutation]
 11357 | D:6      | Lost mutation: You expend magic power (3 MP) to strengthen
                  | your wands. [potion of mutation]
 11357 | D:6      | Lost mutation: You have sharp toenails. [potion of
                  | mutation]
 11357 | D:6      | Gained mutation: Your spells are a little harder to cast,
                  | but a little more powerful. [potion of mutation]
 11357 | D:6      | Gained mutation: Your muscles are strong. (Str +2) [potion
                  | of mutation]
 11357 | D:6      | Gained mutation: Your muscles are very strong. (Str +4)
                  | [potion of mutation]
 11358 | D:6      | Lost mutation: Your muscles are very strong. (Str +4)
                  | [potion of mutation]
 11358 | D:6      | Gained mutation: Armour fits poorly on your strangely
                  | shaped body. [potion of mutation]
 11359 | D:6      | Lost mutation: Your spells are a little harder to cast, but
                  | a little more powerful. [potion of mutation]
 11359 | D:6      | Gained mutation: Your mind is acute. (Int +2) [potion of
                  | mutation]
 11359 | D:6      | Gained mutation: Your spells are a little harder to cast,
                  | but a little more powerful. [potion of mutation]
 11359 | D:6      | Gained mutation: Your natural rate of healing is unusually
                  | fast. [potion of mutation]
 11416 | D:7      | Identified the +8 plate armour "Joemig" {rElec}
 11548 | D:7      | Noticed a manticore
 11574 | D:7      | Killed a manticore
 11646 | D:7      | Reached XP level 10. HP: 67/67 MP: 16/23
 11730 | D:7      | Learned a level 4 spell: Olgreb's Toxic Radiance
 11858 | D:7      | Reached * piety under Hepliaklqana
 12028 | D:7      | Reached skill level 10 in Spellcasting
 12209 | D:7      | Reached skill level 1 in Poison Magic
 12422 | D:8      | Found Jahuis's Antique Weapon Emporium.
 12503 | D:8      | Found a flagged portal.
 12511 | Bailey   | Entered a bailey
 12743 | Bailey   | Reached skill level 10 in Ice Magic
 12766 | Bailey   | Noticed an orc knight
 12772 | Bailey   | Killed an orc knight
 13340 | D:8      | Reached skill level 11 in Ice Magic
 13603 | D:8      | Reached ** piety under Hepliaklqana
 13604 | D:8      | Remembered your ancestor Sinerio as a hexer
 14207 | D:9      | Found Uluah's Distillery.
 14217 | D:9      | Noticed Maurice
 14229 | D:9      | Killed Maurice
 14439 | D:9      | Gained mutation: Your demonic aura sometimes causes spilled
                  | blood to erupt in flames. [demonic ancestry]
 14439 | D:9      | Reached XP level 11. HP: 64/64 MP: 20/25
 14480 | D:9      | Found a burning altar of Makhleb.
 14482 | D:9      | Found an ancient bone altar of Kikubaaqudgha.
 14482 | D:9      | Found a radiant altar of Vehumet.
 14546 | D:9      | Noticed a two-headed ogre
 14556 | D:9      | Killed a two-headed ogre
 14557 | D:9      | Reached skill level 12 in Ice Magic
 15038 | D:10     | Entered Level 10 of the Dungeon
 15148 | D:10     | Identified a scroll of acquirement
 15148 | D:10     | Acquired 1261 gold pieces
 15318 | D:3      | Bought the ring of the Hare {EV+8} for 1536 gold pieces
 15318 | D:3      | Found the ring of the Hare {EV+8}
 15668 | D:10     | Noticed a catoblepas
 15718 | D:10     | Killed a catoblepas
 16283 | D:11     | Reached skill level 13 in Ice Magic
 16295 | D:11     | Noticed a two-headed ogre
 16300 | D:11     | Noticed a five-headed hydra
 16303 | D:11     | Noticed a two-headed ogre
 16303 | D:11     | Killed a two-headed ogre
 16540 | D:10     | Killed a two-headed ogre
 16585 | D:11     | Killed a five-headed hydra
 16805 | D:11     | Found a staircase to the Lair.
 16895 | D:11     | Reached skill level 14 in Ice Magic
 17039 | D:11     | Found a shadowy altar of Dithmenos.
 17156 | D:11     | Reached *** piety under Hepliaklqana
 17458 | D:12     | Reached XP level 12. HP: 70/70 MP: 17/26
 17629 | D:12     | Noticed a two-headed ogre
 17639 | D:12     | Noticed a seven-headed hydra
 17641 | D:12     | Noticed a boulder beetle
 17762 | D:12     | Found a stormy altar of Qazlal.
 17816 | D:12     | Reached skill level 5 in Poison Magic
 17857 | D:12     | Found a staircase to the Orcish Mines.
 17979 | D:12     | Identified the ring of Itazxu Feti {Wiz rC+}
 18188 | D:13     | Noticed a two-headed ogre
 18202 | D:13     | Killed a two-headed ogre
 18320 | D:13     | Noticed a five-headed hydra
 18331 | D:13     | Killed a five-headed hydra
 18479 | D:13     | Noticed a death knight
 18537 | D:13     | Killed a death knight
 18553 | D:13     | Reached skill level 5 in Stealth
 18732 | D:13     | Noticed a five-headed hydra
 18743 | D:13     | Killed a five-headed hydra
 18867 | D:13     | Noticed a seven-headed hydra
 18875 | D:13     | Killed a seven-headed hydra
 18956 | D:13     | Reached **** piety under Hepliaklqana
 18968 | D:13     | Found Ahedued's General Store.
 18976 | D:13     | Bought the +0 leather armour of the Sun {rPois rC+ Regen+}
                  | for 262 gold pieces
 19171 | D:14     | Noticed a five-headed hydra
 19182 | D:14     | Killed a six-headed hydra
 19235 | D:14     | Found a shimmering blue altar of Sif Muna.
 19504 | D:14     | Reached skill level 1 in Armour
 19504 | D:14     | Gained mutation: Your demonic aura often causes spilled
                  | blood to erupt in flames. [demonic ancestry]
 19504 | D:14     | Reached XP level 13. HP: 75/75 MP: 5/27
 20029 | D:14     | Noticed Agnes
 20033 | D:14     | Mangled by Agnes

Illustrated notes

Levels and vault maps discovered:
D:1:      wheals_arrival_shading, layout_basic, wad_floor_pattern_untrapped
D:2:      layout_loops_ring, basic_altar
D:3:      cheibrodos_old_hovel, layout_rooms, serial_shops,
          nicolae_shop_behind_doors
D:4:      layout_basic, minmay_temple_entry_ruins, kennysheep_nondescript
D:5:      minmay_bubble_buster, layout_layer_cave, cheibrodos_sewer_entry_sluice
D:6:      layout_basic, ebering_ghost_inner_flame, minivault_27
D:7:      layout_cave_pools
D:8:      minmay_angry_zag, layout_basic, serial_shops, nicolae_stop_n_shop_2,
          enter_bailey_2
D:9:      layout_loops_cross, chequers_temple_overflow_statue_of_worship,
          serial_shops, nicolae_shop_crystal, mrwooster_statue_mirror,
          uniq_maurice
D:10:     layout_roguey [special_room_orc]
D:11:     layout_loops_ring, david_lair_generic,
          grunt_dithmenos_smoke_and_mirrors
D:12:     layout_cave_pools, orc_0_dummy, nicolae_qazlal_general_emergency
D:13:     layout_irregular_city, serial_shops, kennysheep_little_box
D:14:     layout_stronghold, grunt_vaults_entry_tiered, led_sif_pool,
          uniq_snorg, uniq_agnes
Temple:   regret_index_temple_mists

Skill      XL: |  1  2  3  4  5  6  7  8  9 10 11 12 13 |
---------------+----------------------------------------+-----
Ice Magic      | 4 5 6 7 8 9 11 14 | 14.3
Spellcasting   | 3 4 5 6 7 9 10 | 10.0
Fighting       | 1 2 |  2.3
Evocations     | 1 |  1.3
Poison Magic   | 3 4 8 |  8.1
Stealth        | 6 7 |  7.0
Dodging        | 4 |  4.2
Armour         | 1 |  1.3
Long Blades    | |  0.5
Maces & Flails | |  0.7
Throwing       | |  0.1

Action                   |  1- 3 |  4- 6 |  7- 9 | 10-12 | 13-15 || total
-------------------------+-------+-------+-------+-------+-------++-------
Melee: Unarmed           |    15 |     2 |       |       |       ||    17
       Morningstar       |       |    42 |    50 |       |       ||    92
       Dagger            |       |       |    15 |       |       ||    15
       Scimitar          |       |       |     6 |    96 |     2 ||   104
Throw: Boomerang         |       |     3 |       |       |       ||     3
 Cast: Freeze            |    64 |    40 |    45 |   142 |     5 ||   296
       Frozen Ramparts   |       |    14 |    29 |    65 |     3 ||   111
       Ozocubu's Armour  |       |       |    10 |    42 |     1 ||    53
Invok: Ancestor Life: He |       |       |       |     1 |       ||     1
       Ancestor Identity |       |       |       |     2 |       ||     2
       Recall Ancestor   |       |       |       |     1 |       ||     1
Evoke: Wand              |       |       |    19 |    15 |     1 ||    35
  Use: Scroll            |     1 |     4 |     6 |    11 |       ||    22
       Potion            |       |     3 |    13 |     2 |     1 ||    19
 Stab: Sleeping          |       |     1 |     1 |     4 |     2 ||     8
       Distracted        |       |       |     2 |       |       ||     2
Armor: Robe              |    22 |    37 |    20 |    86 |       ||   165
       Leather armour    |       |       |       |    10 |       ||    10
Dodge: Dodged            |    47 |   137 |   139 |   387 |     5 ||   715
       Rpst.: Scimitar   |       |       |     3 |    76 |     1 ||    80
